 Dungeon Sprint DCSS version 0.30-a0-439-g9e77e4d916 (webtiles) character file.

Game seed: 14010460331510579111

655 mhtbhm the Geomancer (level 7, -30/37 HPs)
             Began as a Deep Elf Earth Elementalist on Dec 11, 2022.
             Was an Elder of Vehumet.
             Killed from afar by a deep elf zephyrmancer (38 damage)
             ... with a bolt of lightning
             ... in the Dungeon (Sprint V: "Ziggurat Sprint").
             The game lasted 00:04:40 (418 turns).

mhtbhm the Geomancer (Deep Elf Earth Elementalist)   Turns: 418, Time: 00:04:41

Health: -30/37     AC:  7    Str:  5    XL:     7   Next: 29%
Magic:  22/22      EV: 15    Int: 34    God:    Vehumet [****..]
Gold:   0          SH:  0    Dex: 15    Spells: 16/26 levels left

rFire   + . .      SeeInvis .    t - +8 lance "Wyrmbane" {slay drac, rPois rF+ rC+ AC+3}
rCold   + . .      Faith    .    (no shield)
rNeg    . . .      Spirit   .    a - +2 robe {Will+}
rPois   +          Reflect  .    (no helmet)
rElec   .          Harm     .    (no cloak)
rCorr   .          Rampage  .    (no gloves)
Will    +....      NoTele   +    (no boots)
Stlth   ++........               (no amulet)
HPRegen 0.26/turn                w - +6 ring of intelligence
MPRegen 0.18/turn                x - +6 ring of intelligence

@: on fire, glowing
A: no striking features
a: Renounce Religion


You were in the Dungeon.
You worshipped Vehumet.
Vehumet was greatly pleased with you.
You visited 1 branch

Inventory:

Hand Weapons
 t - the +8 lance "Wyrmbane" (weapon) {slay drac, rPois rF+ rC+ AC+3}
   (You found it in the Dungeon)

   It inflicts extra damage against dragons and draconians.
   AC:        It affects your AC (+3).
   rF:        It protects you from fire.
   rC:        It protects you from cold.
   rPois:     It protects you from poison.
Armour
 a - a +2 robe of willpower (worn)
Jewellery
 w - a +6 ring of intelligence (left hand)
 x - a +6 ring of intelligence (right hand)
 y - a ring of magical power
 D - a ring of positive energy
Wands
 q - a wand of mindburst (3)
 r - a wand of iceblast (6)
 s - a wand of light (2)
Scrolls
 g - 4 scrolls of blinking
 m - 4 scrolls of amnesia
 n - 6 scrolls of fog
 o - 5 scrolls of identify
 p - 2 scrolls of fear
 u - 2 scrolls of brand weapon
 C - a scroll of acquirement
Potions
 b - 8 potions of magic
 c - 10 potions of curing
 d - 6 potions of heal wounds
 e - 6 potions of haste
 f - 3 potions of berserk rage
 h - 2 potions of brilliance
 i - 2 potions of invisibility
 j - 4 potions of resistance
 k - a potion of experience
 l - 5 potions of might
Miscellaneous
 v - a phial of floods
 z - a box of beasts
 A - a lightning rod (3/4)


   Skills:
 + Level 0.9 Fighting
 + Level 6.9 Dodging
 + Level 5.9 Stealth
 + Level 10.3 Spellcasting
 + Level 3.3 Conjurations
 + Level 1.5 Transmutations
 + Level 12.0 Earth Magic
 + Level 5.2 Evocations


You had 16 spell levels left.
You knew the following spells:

 Your Spells              Type           Power      Damage    Failure   Level
a - Sandblast             Erth           100%       2d20      0%          1
b - Passwall              Tmut/Erth      49%        N/A       1%          2
c - Stone Arrow           Conj/Erth      100%       3d13      1%          3
d - Petrify               Tmut/Erth      59%        N/A       1%          4

Your spell library contained the following spells:

 Spells                   Type           Power      Damage    Failure   Level
 Static Discharge         Conj/Air       56%        2-5/arc   1%          2


Dungeon Overview and Level Annotations

Branches:
Dungeon (1/1)

Altars:
Ashenzari
Cheibriados
Dithmenos
Elyvilon
Fedhas
Gozag
Hepliaklqana
Kikubaaqudgha
Makhleb
Nemelex Xobeh
Okawaru
Qazlal
Ru
Sif Muna
Trog
Uskayaw
Vehumet
Wu Jian
Xom
Yredelemnul
Zin
The Shining One
Jiyva
Lugonu

Annotations:
D 1 transporter


Message History

Aim: a deep elf pyromancer, wielding a +0 short sword and wearing a +0 leather armour (purple smoke, heavily wounded)
The thunderbolt hits the deep elf zephyrmancer!!
The deep elf zephyrmancer is almost dead.
The thunderbolt hits the deep elf pyromancer!
The deep elf pyromancer is almost dead.
The deep elf pyromancer mumbles some strange words.
The deep elf pyromancer blinks!
The deep elf pyromancer casts a spell at you.
The sticky flame hits you. You resist.
You are covered in liquid flames!
The deep elf zephyrmancer casts a spell at you.
The bolt of lightning hits you!!
Ouch! That really hurt!
* * * LOW HITPOINT WARNING * * *
Unknown command.
Unknown command.
Unknown command.
Unknown command.
Unknown command.
Unknown command.
Unknown command.
You feel much better.
You are covered in liquid flames!
The deep elf pyromancer casts a spell at you.
The sticky flame hits you. You resist.
You are covered in liquid flames!
The deep elf pyromancer gestures at you while chanting.
The bolt of fire hits you! You resist.
Unknown command.
Unknown command.
You feel much better.
You are covered in liquid flames!
The deep elf pyromancer casts a spell.
The deep elf zephyrmancer points at you and mumbles some strange words.
The bolt of lightning hits you!!
Ouch! That really hurt!
* * * LOW HITPOINT WARNING * * *
The bolt of lightning hits you!!!
Ouch! That really hurt!
You die...

▓...©....▓...©....▓
▓▓▓▓▓▓▓▓▓▓▓▓▓▓▓▓▓▓▓
▓..8©8..▓ ▓..)):..▓
▓..}E}..▓ ▓..e....▓
▓.eee...▓ ▓..§ee..▓
▓..§@§§. ▓§▓§§§▓.▓
▓.§§§§..▓ ▓▓▓▓▓▓▓▓▓


You could see a deep elf archer (wandering, repels missiles), 3 deep elf
pyromancers, 2 deep elf zephyrmancers and a fire elemental (summoned).

Vanquished Creatures
  A polar bear (D)
  A hell hound (D)
  2 water moccasins (D)
  An iron imp (D)
  A quasit (D)
  5 adders (D)
  A shadow imp (D)
  A white imp (D)
  2 ball pythons (D)
  A ball python skeleton (D)
  2 bat simulacra (D)
18 creatures vanquished.

Notes
Turn   | Place    | Note
-------+----------+-------------------------------------------
     0 | D        | mhtbhm the Deep Elf Earth Elementalist began the quest for
                  | the Orb.
     0 | D        | Reached XP level 1. HP: 10/10 MP: 6/6
     0 | D        | Found a blossoming altar of Fedhas.
     0 | D        | Found the +6 Majin-Bo {vamp, MP+6 Int+6}
     0 | D        | Found the +27 heavy crossbow "Sniper" {vorpal, Acc+∞ SInv}
     0 | D        | Found the +10 dark maul {vorpal}
     0 | D        | Found the +15 Maxwell's patent armour {-Cast -Tele rElec
                  | Will+ rCorr}
     0 | D        | Found the +18 shield of the Gong {rElec rN+ Will+ EV-5}
     0 | D        | Found the +14 obsidian axe {vorpal, Mesm Drain Fly SInv}
     0 | D        | Found the +7 great mace "Firestarter" {inner flame, rF++}
     0 | D        | Found the +6 shillelagh "Devastator" {shatter}
     0 | D        | Found the +11 plutonium sword {Contam Stlth-}
     0 | D        | Found the +8 lance "Wyrmbane" {slay drac, rPois rF+ rC+
                  | AC+3}
     0 | D        | Found the +9 sword of Zonguldrok {reap}
     0 | D        | Found the +13 scythe of Curses {drain, Drain}
     0 | D        | Found the +5 sword of Power {vorpal}
     0 | D        | Found the +7 mace of Variability {chain chaos}
     0 | D        | Found the +7 Singing Sword {vorpal, sonic wave}
     0 | D        | Found the +8 storm bow {elec, penet}
     1 | D        | Found a shimmering blue altar of Sif Muna.
     1 | D        | Found a sacrificial altar of Ru.
     1 | D        | Found a bloodstained altar of Trog.
     1 | D        | Found a stormy altar of Qazlal.
     1 | D        | Found an iron altar of Okawaru.
     1 | D        | Found a sparkling altar of Nemelex Xobeh.
     3 | D        | Found a transporter.
     3 | D        | Found an ancient bone altar of Kikubaaqudgha.
     3 | D        | Found a viscous altar of Jiyva.
     3 | D        | Found a corrupted altar of Lugonu.
     3 | D        | Found a hazy altar of Hepliaklqana.
     3 | D        | Found a burning altar of Makhleb.
     3 | D        | Found an opulent altar of Gozag.
    32 | D        | Became a worshipper of Vehumet
    59 | D        | Entered arena 2.
    59 | D        | Noticed a quasit
    59 | D        | Found a transporter.
    61 | D        | Reached skill level 4 in Earth Magic
    61 | D        | Reached XP level 2. HP: 15/15 MP: 7/9
    64 | D        | Reached skill level 6 in Earth Magic
    64 | D        | Reached XP level 3. HP: 19/19 MP: 8/11
    96 | D        | Learned a level 2 spell: Passwall
   100 | D        | Learned a level 3 spell: Stone Arrow
   105 | D        | Entered arena 3.
   105 | D        | Noticed a hell hound
   105 | D        | Found a transporter.
   110 | D        | Killed a hell hound
   110 | D        | Reached * piety under Vehumet
   110 | D        | Offered knowledge of Kiss of Death by Vehumet.
   111 | D        | Reached skill level 5 in Dodging
   111 | D        | Reached skill level 8 in Earth Magic
   111 | D        | Reached XP level 4. HP: 16/24 MP: 11/14
   111 | D        | Reached XP level 5. HP: 19/28 MP: 12/16
   113 | D        | Reached skill level 9 in Earth Magic
   153 | D        | Learned a level 4 spell: Petrify
   161 | D        | Entered arena 4.
   161 | D        | Found a transporter.
   162 | D        | Reached ** piety under Vehumet
   166 | D        | Reached skill level 5 in Stealth
   255 | D        | Entered arena 5.
   255 | D        | Noticed a polar bear
   255 | D        | Found a transporter.
   256 | D        | Reached *** piety under Vehumet
   257 | D        | Offered knowledge of Static Discharge by Vehumet.
   262 | D        | Killed a polar bear
   263 | D        | Reached skill level 11 in Earth Magic
   263 | D        | Reached XP level 6. HP: 9/33 MP: 7/20
   360 | D        | Entered arena 6.
   360 | D        | Noticed a water moccasin
   360 | D        | Noticed a water moccasin
   360 | D        | Found a transporter.
   361 | D        | Reached **** piety under Vehumet
   363 | D        | Killed a water moccasin
   363 | D        | Killed a water moccasin
   364 | D        | Reached skill level 10 in Spellcasting
   364 | D        | Reached skill level 12 in Earth Magic
   364 | D        | Reached skill level 5 in Evocations
   364 | D        | Reached XP level 7. HP: 37/37 MP: 20/22
   407 | D        | Entered arena 7.
   407 | D        | Noticed a deep elf archer
   407 | D        | Noticed a deep elf pyromancer
   407 | D        | Noticed a deep elf pyromancer
   407 | D        | Noticed a deep elf zephyrmancer
   407 | D        | Noticed a deep elf zephyrmancer
   407 | D        | Noticed a deep elf pyromancer
   411 | D        | Found a transporter.
   418 | D        | Killed from afar by a deep elf zephyrmancer

Illustrated notes

Levels and vault maps discovered:
D:        sprint_v [room_start, room_1, room_2, room_3, room_4, room_5, room_6,
          room_7, room_8, room_9, room_10, room_11, room_12, room_13, room_14,
          room_15, room_16, room_17, room_18, room_19, room_20, room_21,
          room_22, room_23, room_24, room_25, room_26, room_27]

Skill      XL: |  1  2  3  4  5  6 |
---------------+-------------------+-----
Spellcasting   | 4 6 9 10 | 10.3
Earth Magic    | 4 6 8 11 12 | 12.0
Dodging        | 3 5 6 |  6.9
Stealth        | 3 4 5 |  5.9
Evocations     | 2 4 5 |  5.2
Conjurations   | 2 3 |  3.3
Fighting       | |  0.9
Transmutations | |  1.5

Action                   |  1- 3 |  4- 6 |  7- 9 || total
-------------------------+-------+-------+-------++-------
 Cast: Stone Arrow       |       |    10 |       ||    10
Evoke: Wand              |     9 |       |     1 ||    10
       Lightning rod     |       |     6 |     1 ||     7
  Use: Potion            |       |       |     4 ||     4
       Scroll            |       |       |     1 ||     1
Armor: Robe              |     2 |     1 |       ||     3
Dodge: Dodged            |     6 |     3 |       ||     9

Table legend: (Time is in decaauts)
 A = Elapsed time spent in this place.
 B = Non-inter-level travel time spent in this place.
 C = Inter-level travel time spent in this place.
 D = Time resting spent in this place.
 E = Time spent auto-exploring this place.
 F = Levels seen in this place.
 G = Mean time per level.
                   A        B        C        D        E       F      G
               +--------+--------+--------+--------+--------+-----+--------+
         Total |    416 |    416 |      0 |    230 |      0 |   1 |  416.0 |
       Dungeon |    416 |    416 |      0 |    230 |      0 |   1 |  416.0 |
               +--------+--------+--------+--------+--------+-----+--------+

Top non-repeatable levels by time:
       D: 416 daAuts
